 Dungeon Crawl Stone Soup version 0.31-a0-219-g8d62b2e7bb (webtiles) character file.

Game seed: 5152050013262482903

175628 qw the Marksminotaur (level 17, -1/151 (155) HPs)
             Began as a Minotaur Hexslinger on July 3, 2023.
             Was an Elder of Okawaru.
             Slain by a demonic crawler (14 damage)
             ... on level 3 of the Spider Nest.
             The game lasted 01:39:50 (51149 turns).

qw the Marksminotaur (Minotaur Hexslinger)         Turns: 51149, Time: 01:39:50

HP:   -1/151 (155)  AC: 20    Str: 12    XL:     17   Next: 48%
MP:   23/23         EV: 30    Int: 10    God:    Okawaru [****..]
Gold: 2717          SH:  0    Dex: 28    Spells: 17/18 levels left

rFire   + + .        r - +5 longbow "Raisin" {flame, rElec}
rCold   + . .        (shield currently unavailable)
rNeg    . . .        s - +1 ring mail of Umopewusto {rElec rF+ Will+++ Int+3}
rPois   +            d - +2 hat
rElec   +            l - scarf {rC+ rF+}
rCorr   .            m - +2 pair of gloves {Dex+3}
SInv    +            t - +3 pair of seven-league boots {Rampage+∞}
Will    ++++.        v - amulet of regeneration
Stlth   +++          p - ring of poison resistance
HPRegen 1.25/turn    g - ring of see invisible
MPRegen 0.18/turn

%: rampage+inf
@: heroic, lightly drained
A: horns 2, retaliatory headbutt, agile 1, dopey 1, electricity resistance
a: Renounce Religion, Heroism, Finesse


You were on level 3 of the Spider Nest.
You worshipped Okawaru.
Okawaru was greatly pleased with you.
You visited 6 branches of the dungeon, and saw 29 of its levels.
You also visited: Sewer and Ossuary.

You collected 3659 gold pieces.
You spent 942 gold pieces at shops.


Innate Abilities, Weirdness & Mutations

You have a pair of horns on your head.
You reflexively headbutt those who attack you in melee.
You are agile. (Dex +4, Str/Int -1)
You are dopey. (Int -2)
You are resistant to electric shocks. (rElec)


   Skills:
 - Level 20.0(25.0) Fighting
 - Level 20.0(25.0) Ranged Weapons
 - Level 11.0(16.0) Armour
 + Level 16.2(21.2) Dodging
 - Level 1.0 Spellcasting
 - Level 2.0 Hexes
 - Level 10.0 Invocations


You had 17 spell levels left.
You knew the following spells:

 Your Spells              Type           Power      Damage    Failure   Level
a - Slow                  Hex            16%        N/A       26%         1

Your spell library contained the following spells:

 Spells                   Type           Power      Damage    Failure   Level
 Inner Flame              Hex/Fire       2%         N/A       75%         3
 Portal Projectile        Hex/Tloc       4%         N/A       75%         3
 Cause Fear               Hex            2%         N/A       94%         4

Inventory:

Hand Weapons
 r - the +5 longbow "Raisin" (weapon) {flame, rElec}
   (You acquired it on level 4 of the Dungeon)

   rElec:     It insulates you from electricity.
Armour
 d - a +2 hat (worn)
 k - the +4 ring mail of the Armoured One {Regen+}
   (Okawaru gifted it to you on level 12 of the Dungeon)

   Regen:     It increases your rate of health regeneration.
 l - a scarf of resistance (worn)
 m - a +2 pair of gloves of dexterity (worn)
 s - the +1 ring mail of Umopewusto (worn) {rElec rF+ Will+++ Int+3}
   (You found it on level 4 of the Dungeon)

   Int:       It affects your intelligence (+3).
   rF:        It protects you from fire.
   rElec:     It insulates you from electricity.
   Will:      It greatly increases your willpower.
 t - the +3 pair of seven-league boots (worn) {Rampage+∞}
   (Okawaru gifted it to you on level 5 of the Lair of Beasts)

   Rampage+∞: When moving toward enemies, its wearer moves as far as possible,
   alerting their target en route.
 y - a +2 cloak
Jewellery
 g - a ring of see invisible (right hand)
 o - a ring of fire
 p - a ring of poison resistance (left hand)
 v - an amulet of regeneration (around neck)
 w - a +4 ring of slaying {mikee}
 Y - a +4 ring of protection
Wands
 u - a wand of digging (12)
Scrolls
 n - 16 scrolls of identify
 x - 5 scrolls of brand weapon
Potions
 b - 2 potions of mutation
 c - a potion of cancellation
 f - 6 potions of enlightenment
 h - 7 potions of might
 i - 10 potions of curing
 j - 4 potions of haste
 q - a potion of magic

Dungeon Overview and Level Annotations

Branches:
Dungeon (15/15)            Temple (1/1) D:5            Lair (5/5) D:8
  Swamp (3/4) Lair:3       Spider (3/4) Lair:2        Slime (0/5) Lair:4
    Orc (2/2) D:10            Elf (0/3) Orc:2        Vaults (0/5) D:13
 Depths (0/4) D:15          Sewer (visited)         Ossuary (visited)

Altars:
Ashenzari
Cheibriados
Dithmenos
Elyvilon
Fedhas
Gozag
Hepliaklqana
Kikubaaqudgha
Makhleb
Nemelex Xobeh
Okawaru
Qazlal
Ru
Sif Muna
Trog
Uskayaw
Vehumet
Wu Jian
Xom
Yredelemnul
Zin
The Shining One
Jiyva

Shops:
D:2 !   D:8 !   Orc:2 *[*[:

Annotations:
D:6 exclusion: oklob plant
D:9 1 runed translucent door, qw's ghost, journeyman MiHs
Swamp:3 2 transporters, qw's ghost, adept GrHs


Message History

The demonic crawler is lightly wounded.
The pharaoh ant completely misses you. You furiously retaliate!
You headbutt the pharaoh ant!
The demonic crawler completely misses you.
The demonic crawler hits you but does no damage.
The demonic crawler barely misses you.
You shoot an arrow. The arrow hits the pharaoh ant!
The arrow burns the pharaoh ant.
The pharaoh ant is severely damaged.
The pharaoh ant completely misses you. You furiously retaliate!
You headbutt the pharaoh ant! The demonic crawler hits you.
The demonic crawler hits you! The demonic crawler closely misses you.
You shoot an arrow.
The arrow closely misses the pharaoh ant.
The pharaoh ant bites you!
You feel drained.
The demonic crawler completely misses you.
The demonic crawler misses you.
The demonic crawler completely misses you.
You shoot an arrow. The arrow hits the pharaoh ant!!!
The arrow burns the pharaoh ant.
You destroy the pharaoh ant!
Okawaru accepts your kill.
The pharaoh ant binds the souls of nearby monsters.
The demonic crawler completely misses you.
The demonic crawler misses you.
The demonic crawler completely misses you.
You shoot an arrow. The arrow hits the demonic crawler!
The arrow burns the demonic crawler.
The demonic crawler is moderately wounded.
The demonic crawler completely misses you.
The demonic crawler hits you but does no damage.
The demonic crawler misses you.
You shoot an arrow. The arrow hits the demonic crawler!!
The arrow burns the demonic crawler.
The demonic crawler is severely wounded.
You hear a skittering sound.
The demonic crawler completely misses you.
You furiously retaliate!
You headbutt the demonic crawler. The demonic crawler hits you!
You die...

###
#..
#..
#..
#..##
##..#
#).@#
#.s##
##.
..
...
....
^.###
..^


You could see a demonic crawler.

Vanquished Creatures
  Arachne (Spider:2)
  Rupert (Lair:3)
  2 thorn hunters
  2 fenstrider witches
  A fire giant (D:15)
  An emperor scorpion (Spider:3)
  A ghoul (Swamp:3)
  A broodmother (Spider:2)
  An eleionoma (Swamp:3)
  3 spark wasps
  Snorg (D:13)
  A bunyip (Swamp:3)
  An ettin (Orc:2)
  A fire dragon (Lair:5)
  3 entropy weavers
  2 shambling mangroves
  7 hydras
  3 centaur warriors
  A jorogumo (Spider:2)
  3 spriggan air magi
  A vault guard (D:13)
  2 ogre magi (D:10)
  6 alligators
  11 death yaks
  A ghost crab (Swamp:3)
  2 radroaches (Spider:2)
  4 boulder beetles
  4 two-headed ogres
  2 tengu warriors (D:12)
  9 demonic crawlers
  3 orc high priests (Orc:2)
  A spriggan berserker (Swamp:2)
  3 pharaoh ants
  2 skysharks
  2 goliath frogs
  6 skeletal warriors (D:15)
  5 spriggan druids (Swamp:3)
  Lodul (D:12)
  An orb spider (Spider:1)
  3 swamp dragons
  A bog body (Swamp:3)
  2 steelbarb worms
  5 orc knights
  Pikel (D:7)
  6 cyclopes
  3 deep elf pyromancers (D:10)
  13 ugly things
  9 wolf spiders
  4 orc sorcerers (Orc:2)
  3 will-o-the-wisps
  2 moths of wrath
  4 manticores
  8 black mambas
  5 elephants (Lair:3)
  5 torpor snails
  2 gargoyles
  Joseph (D:7)
  15 cane toads
  8 rime drakes
  An eye of devastation (shapeshifter) (D:13)
  7 komodo dragons
  A kobold demonologist (D:12)
  An unseen horror (D:12)
  A yaktaur (D:10)
  An efreet (D:15)
  2 tengu conjurers
  13 polar bears
  7 trolls
  2 raiju (Lair:5)
  3 meliai (Spider:3)
  9 tyrant leeches
  10 tarantellas
  13 hornets
  A blink frog (Lair:3)
  A dream sheep (Lair:5)
  7 slime creatures
  14 jumping spiders
  2 centaur simulacra (D:15)
  A wraith (D:13)
  25 yaks
  2 shadows
  8 culicivoras
  8 wyverns
  8 spriggans
  6 vampires
  5 basilisks
  Grum (D:8)
  11 humans (D:13)
  20 vampire mosquitoes
  25 redbacks
  2 steam dragons (Lair:5)
  10 wargs
  13 swamp worms
  4 acid dragons
  15 hell hounds (Lair:5)
  14 water moccasins
  2 swamp drakes
  14 black bears
  5 ice beasts (D:8)
  22 orc warriors
  36 wolves
  4 boggarts (D:14)
  15 ogres
  18 centaurs
  A phantom (D:6)
  3 kobold brigands
  Blork the orc (D:5)
  13 bullfrogs
  An elf skeleton (D:6)
  3 gnoll sergeants
  2 scorpions
  4 killer bees (D:8)
  7 howler monkeys
  6 electric eels (Lair:2)
  3 hounds
  4 jellies
  2 human zombies (Ossuary)
  4 gnoll boudas
  15 orc priests
  A human skeleton (D:6)
  A sleepcap (D:5)
  8 iguanas
  13 orc wizards
  5 mummies (Ossuary)
  30 gnolls
  2 adders
  A white imp (D:3)
  2 ufetubi
  2 worms (D:3)
  3 dart slugs
  42 orcs
  4 ball pythons
  11 endoplasms
  4 giant cockroaches
  6 goblins
  8 hobgoblins
  2 jackals (D:1)
  4 kobolds
  4 quokkas
  7 bats
  2 frilled lizards
  A gnoll zombie (Ossuary)
  2 goblin zombies (Ossuary)
  2 kobold zombies (Ossuary)
  3 orc skeletons (D:6)
  2 orc zombies
  2 rats
  2 butterflies (D:5)
838 creatures vanquished.

Vanquished Creatures (others)
  14 foxfires
14 creatures vanquished.

Grand Total: 852 creatures vanquished

Notes
Turn   | Place    | Note
-------+----------+-------------------------------------------
     0 | D:1      | qw the Minotaur Hexslinger began the quest for the Orb.
     0 | D:1      | Reached XP level 1. HP: 16/16 MP: 1/1
     0 | D:1      | 0 ||| qw: Version: 0.3-a-40-ge99b1a8
     0 | D:1      | 0 ||| qw: Game counter: 398
     0 | D:1      | 0 ||| qw: Melee chars always use a shield: true
     0 | D:1      | 0 ||| qw: God list: Okawaru
     0 | D:1      | 0 ||| qw: Allow faded altars: false
     0 | D:1      | 0 ||| qw: Do Orc after clearing Dungeon:15 true
     0 | D:1      | 0 ||| qw: Do second Lair branch before Depths: true
     0 | D:1      | 0 ||| qw: Lair rune preference: random
     0 | D:1      | 0 ||| qw: Goals: Normal
     0 | D:1      | 0 ||| PLANNING D:1-11
    53 | D:1      | Reached skill level 3 in Ranged Weapons
    54 | D:1      | Reached XP level 2. HP: 23/23 MP: 2/2
   492 | D:1      | Found a faded altar of an unknown god.
   631 | D:1      | 631 ||| UPGRADING to +0 ring mail.
   641 | D:1      | 641 ||| DROPPING +0 robe.
   642 | D:1      | 642 ||| UPGRADING to +0 pair of boots.
   647 | D:1      | 647 ||| UPGRADING to +0 cloak of willpower.
   652 | D:1      | 652 ||| UPGRADING to +4 ring of protection.
   653 | D:1      | 653 ||| READING scroll labelled NAANAB QOTOCHA.
   654 | D:1      | 654 ||| READING 2 scrolls labelled YMUDYM HIWYFAN.
   655 | D:1      | 655 ||| READING scroll labelled CEORHI UNIURR.
   656 | D:1      | 656 ||| DRINKING 2 fizzy red potions.
   657 | D:1      | 657 ||| DROPPING scroll of poison.
   658 | D:1      | 658 ||| DROPPING scroll of vulnerability.
   752 | D:2      | Reached XP level 3. HP: 27/29 MP: 3/3
   798 | D:2      | Reached skill level 1 in Armour
  1201 | D:2      | Found Yteloryf's Distillery.
  1206 | D:2      | 1206 ||| BUYING 2 potions of curing (78 gold).
  1206 | D:2      | Bought 2 potions of curing for 78 gold pieces
  1206 | D:2      | 1206 ||| SHOPLISTING potion of enlightenment (65 gold, have
                  | 10).
  1206 | D:2      | 1206 ||| SHOPLISTING potion of heal wounds (65 gold, have
                  | 10).
  1206 | D:2      | 1206 ||| SHOPLISTING potion of might (52 gold, have 10).
  1488 | D:2      | 1488 ||| UPGRADING to ring of see invisible.
  1489 | D:2      | 1489 ||| READING scroll labelled YTUTZOCZ BEURR.
  1494 | D:2      | 1494 ||| READING scroll labelled ONOMIRPH IFUAMU.
  1495 | D:2      | 1495 ||| READING scroll labelled YWKUSO ERUMM.
  1518 | D:3      | 1518 ||| PLANNING SEWER
  1622 | D:3      | Found an opulent altar of Gozag.
  1678 | D:3      | Found a glowing drain.
  1679 | D:3      | 1679 ||| DRINKING 2 silvery potions.
  1680 | D:3      | 1680 ||| DRINKING 3 potions of curing.
  1680 | D:3      | 1680 ||| (to cure confusion)
  1681 | D:3      | 1681 ||| DROPPING potion of ambrosia.
  1745 | Sewer    | Entered a sewer
  1767 | Sewer    | Noticed a water moccasin
  1773 | Sewer    | HP: 7/29 [poisoned by a water moccasin]
  1773 | Sewer    | HP: 2/29 [water moccasin (5)]
  1774 | Sewer    | 1774 ||| DRINKING 2 potions of heal wounds.
  1778 | Sewer    | 1778 ||| DRINKING potion of heal wounds.
  1781 | Sewer    | HP: 7/29 [water moccasin (8)]
  1783 | Sewer    | Killed a water moccasin
  1784 | Sewer    | Reached XP level 4. HP: 8/36 MP: 4/4
  1784 | Sewer    | Reached XP level 5. HP: 9/41 MP: 5/5
  1948 | D:3      | 1948 ||| PLANNING D:1-11
  2096 | D:3      | Identified the +7 dagger of Qazlal's Esteem {antimagic,
                  | rC++ rCorr Int-4 Stlth+}
  2263 | D:3      | Found a bloodstained altar of Trog.
  2443 | D:3      | Reached skill level 3 in Fighting
  2574 | D:3      | 2574 ||| UPGRADING to +2 ring mail of poison resistance.
  2584 | D:3      | 2584 ||| DROPPING +0 ring mail.
  2585 | D:3      | 2585 ||| UPGRADING to +1 pair of gloves.
  2590 | D:3      | 2590 ||| READING scroll labelled KEOZEBB SIAMP.
  2590 | D:3      | Identified a scroll of acquirement
  2590 | D:3      | 2590 ||| ACQUIRING +4 orcbow of flaming
  2590 | D:3      | Acquired a +4 orcbow of flaming
  2592 | D:3      | 2592 ||| SWAPPING to +4 orcbow of flaming.
  2593 | D:3      | 2593 ||| DROPPING +1 sling.
  2623 | D:4      | 2623 ||| READING scroll of acquirement.
  2623 | D:4      | 2623 ||| ACQUIRING +5 longbow "Raisin" {flame, rElec}
  2623 | D:4      | Acquired the +5 longbow "Raisin" {flame, rElec}
  2625 | D:4      | 2625 ||| SWAPPING to +5 longbow "Raisin" {flame, rElec}.
  2626 | D:4      | 2626 ||| DROPPING +4 orcbow of flaming.
  2636 | D:4      | 2636 ||| Stepping ~*~*~tactically~*~*~ (outnumbered).
  2639 | D:4      | 2639 ||| Stepping ~*~*~tactically~*~*~ (outnumbered).
  2640 | D:4      | Noticed a black bear
  2644 | D:4      | Reached skill level 6 in Ranged Weapons
  2647 | D:4      | Killed a black bear
  2648 | D:4      | Reached skill level 3 in Armour
  2648 | D:4      | Reached XP level 6. HP: 38/51 MP: 6/6
  2648 | D:4      | 2648 ||| FLEEEEING.
  2649 | D:4      | 2649 ||| FLEEEEING.
  2650 | D:4      | 2650 ||| FLEEEEING.
  2651 | D:4      | 2651 ||| FLEEEEING.
  2652 | D:4      | 2652 ||| FLEEEEING.
  2653 | D:4      | 2653 ||| FLEEEEING.
  2654 | D:4      | 2654 ||| FLEEEEING.
  2656 | D:4      | 2656 ||| FLEEEEING.
  2657 | D:4      | 2657 ||| FLEEEEING.
  2659 | D:4      | 2659 ||| FLEEEEING.
  2660 | D:4      | 2660 ||| STAIRDANCE
  3067 | D:4      | 3067 ||| FLEEEEING.
  3072 | D:4      | 3072 ||| FLEEEEING.
  3073 | D:4      | 3073 ||| FLEEEEING.
  3074 | D:4      | 3074 ||| FLEEEEING.
  3075 | D:4      | 3075 ||| FLEEEEING.
  3076 | D:4      | 3076 ||| FLEEEEING.
  3077 | D:4      | 3077 ||| FLEEEEING.
  3078 | D:4      | 3078 ||| FLEEEEING.
  3079 | D:4      | 3079 ||| FLEEEEING.
  3080 | D:4      | 3080 ||| FLEEEEING.
  3081 | D:4      | 3081 ||| FLEEEEING.
  3082 | D:4      | 3082 ||| FLEEEEING.
  3083 | D:4      | 3083 ||| FLEEEEING.
  3084 | D:4      | 3084 ||| FLEEEEING.
  3085 | D:4      | 3085 ||| FLEEEEING.
  3094 | D:4      | 3094 ||| FLEEEEING.
  3095 | D:4      | 3095 ||| FLEEEEING.
  3096 | D:4      | 3096 ||| FLEEEEING.
  3097 | D:4      | 3097 ||| FLEEEEING.
  3098 | D:4      | 3098 ||| FLEEEEING.
  3099 | D:4      | 3099 ||| FLEEEEING.
  3100 | D:4      | 3100 ||| FLEEEEING.
  3101 | D:4      | 3101 ||| FLEEEEING.
  3102 | D:4      | 3102 ||| FLEEEEING.
  3103 | D:4      | 3103 ||| FLEEEEING.
  3104 | D:4      | 3104 ||| FLEEEEING.
  3105 | D:4      | 3105 ||| FLEEEEING.
  3106 | D:4      | 3106 ||| FLEEEEING.
  3107 | D:4      | 3107 ||| FLEEEEING.
  3108 | D:4      | 3108 ||| FLEEEEING.
  3109 | D:4      | 3109 ||| FLEEEEING.
  3110 | D:4      | 3110 ||| FLEEEEING.
  3111 | D:4      | 3111 ||| FLEEEEING.
  3112 | D:4      | 3112 ||| FLEEEEING.
  3113 | D:4      | 3113 ||| FLEEEEING.
  3114 | D:4      | 3114 ||| FLEEEEING.
  3115 | D:4      | 3115 ||| FLEEEEING.
  3116 | D:4      | 3116 ||| FLEEEEING.
  3117 | D:4      | 3117 ||| FLEEEEING.
  3118 | D:4      | 3118 ||| FLEEEEING.
  3119 | D:4      | 3119 ||| FLEEEEING.
  3120 | D:4      | 3120 ||| FLEEEEING.
  3121 | D:4      | 3121 ||| FLEEEEING.
  3122 | D:4      | 3122 ||| FLEEEEING.
  3123 | D:4      | 3123 ||| FLEEEEING.
  3124 | D:4      | 3124 ||| FLEEEEING.
  3125 | D:4      | 3125 ||| FLEEEEING.
  3126 | D:4      | 3126 ||| FLEEEEING.
  3128 | D:4      | 3128 ||| FLEEEEING.
  3129 | D:4      | 3129 ||| FLEEEEING.
  3130 | D:4      | 3130 ||| STAIRDANCE
  3249 | D:4      | Identified the +1 ring mail of Umopewusto {rElec rF+
                  | Will+++ Int+3}
  3338 | D:4      | 3338 ||| UPGRADING to +1 ring mail of Umopewusto {rElec rF+
                  | Will+++ Int+3}.
  3348 | D:4      | 3348 ||| DRINKING 2 blue potions.
  3348 | D:4      | Gained mutation: You are frail. (-10% HP) [potion of
                  | mutation]
  3349 | D:4      | 3349 ||| DRINKING potion of mutation.
  3349 | D:4      | Lost mutation: You are frail. (-10% HP) [potion of
                  | mutation]
  3349 | D:4      | Gained mutation: You are resistant to electric shocks.
                  | (rElec) [potion of mutation]
  3349 | D:4      | Gained mutation: You are dopey. (Int -2) [potion of
                  | mutation]
  3349 | D:4      | Gained mutation: You are agile. (Dex +4, Str/Int -1)
                  | [potion of mutation]
  3390 | D:5      | Entered Level 5 of the Dungeon
  3391 | D:5      | Found a staircase to the Ecumenical Temple.
  3392 | D:5      | 3392 ||| PLANNING TEMPLE
  3401 | Temple   | Entered the Ecumenical Temple
  3402 | Temple   | 3402 ||| PLANNING OKAWARU WORSHIP
  3408 | Temple   | Became a worshipper of Warmaster Okawaru
  3409 | Temple   | 3409 ||| PLANNING D:1-11
  3471 | D:5      | Found a shimmering altar of Xom.
  3482 | D:5      | Reached XP level 7. HP: 60/60 MP: 7/7
  3713 | D:5      | Found a sacrificial altar of Ru.
  3841 | D:5      | Reached * piety under Okawaru
  3864 | D:5      | 3864 ||| INVOKING Heroism.
  3927 | D:5      | Noticed Blork the orc
  3931 | D:5      | Killed Blork the orc
  4003 | D:5      | Reached skill level 1 in Invocations
  4010 | D:5      | 4010 ||| DROPPING amulet of guardian spirit.
  4015 | D:6      | 4015 ||| PLANNING OSSUARY
  4137 | D:6      | 4137 ||| FLEEEEING.
  4138 | D:6      | 4138 ||| FLEEEEING.
  4139 | D:6      | 4139 ||| FLEEEEING.
  4149 | D:6      | 4149 ||| FLEEEEING.
  4150 | D:6      | 4150 ||| FLEEEEING.
  4151 | D:6      | 4151 ||| FLEEEEING.
  4152 | D:6      | 4152 ||| FLEEEEING.
  4163 | D:6      | 4163 ||| FLEEEEING.
  4165 | D:6      | 4165 ||| FLEEEEING.
  4166 | D:6      | 4166 ||| FLEEEEING.
  4167 | D:6      | 4167 ||| FLEEEEING.
  4168 | D:6      | 4168 ||| FLEEEEING.
  4169 | D:6      | 4169 ||| FLEEEEING.
  4170 | D:6      | 4170 ||| FLEEEEING.
  4171 | D:6      | 4171 ||| FLEEEEING.
  4172 | D:6      | 4172 ||| FLEEEEING.
  4173 | D:6      | 4173 ||| FLEEEEING.
  4174 | D:6      | 4174 ||| FLEEEEING.
  4175 | D:6      | 4175 ||| FLEEEEING.
  4187 | D:6      | 4187 ||| FLEEEEING.
  4191 | D:6      | 4191 ||| FLEEEEING.
  4192 | D:6      | 4192 ||| FLEEEEING.
  4197 | D:6      | 4197 ||| FLEEEEING.
  4198 | D:6      | 4198 ||| FLEEEEING.
  4202 | D:6      | 4202 ||| INVOKING Heroism.
  4253 | D:6      | Reached skill level 3 in Dodging
  4253 | D:6      | Reached XP level 8. HP: 68/68 MP: 8/8
  4385 | D:6      | Found a sand-covered staircase.
  4387 | D:6      | 4387 ||| DROPPING ring of flight.
  4388 | D:6      | 4388 ||| DRINKING 2 sedimented coppery potions.
  4434 | D:6      | 4434 ||| DRINKING 2 yellow potions.
  4435 | D:6      | 4435 ||| DROPPING potion of lignification.
  4436 | D:6      | 4436 ||| DROPPING potion of attraction.
  4440 | Ossuary  | Entered an ossuary
  4488 | Ossuary  | 4488 ||| FLEEEEING.
  4489 | Ossuary  | 4489 ||| FLEEEEING.
  4490 | Ossuary  | 4490 ||| FLEEEEING.
  4491 | Ossuary  | 4491 ||| FLEEEEING.
  4492 | Ossuary  | 4492 ||| FLEEEEING.
  4493 | Ossuary  | 4493 ||| FLEEEEING.
  4494 | Ossuary  | 4494 ||| FLEEEEING.
  4495 | Ossuary  | 4495 ||| FLEEEEING.
  4496 | Ossuary  | 4496 ||| FLEEEEING.
  4497 | Ossuary  | 4497 ||| FLEEEEING.
  4498 | Ossuary  | 4498 ||| FLEEEEING.
  4739 | Ossuary  | Reached skill level 3 in Invocations
  4772 | Ossuary  | 4772 ||| DRINKING 3 amethyst potions.
  4773 | Ossuary  | 4773 ||| DRINKING 2 brown potions.
  4774 | Ossuary  | 4774 ||| DROPPING potion of invisibility.
  4775 | Ossuary  | 4775 ||| DROPPING potion of degeneration.
  4791 | D:6      | 4791 ||| PLANNING D:1-11
  4887 | D:6      | 4887 ||| Stepping ~*~*~tactically~*~*~ (outnumbered).
  5271 | D:6      | 5271 ||| INVOKING Heroism.
  5274 | D:6      | Reached skill level 9 in Ranged Weapons
  5308 | D:6      | 5308 ||| INVOKING Heroism.
  5503 | D:6      | Found a blossoming altar of Fedhas.
  5613 | D:6      | Found a shadowy altar of Dithmenos.
  5683 | D:6      | Noticed an oklob plant
  5684 | D:6      | 5684 ||| INVOKING Heroism.
  5685 | D:6      | 5685 ||| UPGRADING to +0 pair of gloves of dexterity.
  5695 | D:6      | 5695 ||| DROPPING +1 pair of gloves.
  5696 | D:6      | 5696 ||| READING scroll labelled GOCREADUSASM.
  5708 | D:6      | 5708 ||| INVOKING Heroism.
  5726 | D:6      | 5726 ||| INVOKING Heroism.
  5743 | D:6      | 5743 ||| INVOKING Heroism.
 14171 | D:6      | Fell from the grace of Okawaru
 14172 | D:6      | 14172 ||| PLANNING OKAWARU WORSHIP
 14173 | D:6      | 14173 ||| FLEEEEING.
 14174 | D:6      | 14174 ||| FLEEEEING.
 14175 | D:6      | 14175 ||| FLEEEEING.
 14280 | Temple   | Became a worshipper of Warmaster Okawaru
 14281 | Temple   | 14281 ||| PLANNING D:1-11
 17386 | D:6      | Fell from the grace of Okawaru
 17387 | D:6      | 17387 ||| PLANNING OKAWARU WORSHIP
 17387 | D:6      | 17387 ||| FLEEEEING.
 17388 | D:6      | 17388 ||| FLEEEEING.
 17389 | D:6      | 17389 ||| FLEEEEING.
 17494 | Temple   | Became a worshipper of Warmaster Okawaru
 17495 | Temple   | 17495 ||| PLANNING D:1-11
 21378 | D:6      | Fell from the grace of Okawaru
 21379 | D:6      | 21379 ||| PLANNING OKAWARU WORSHIP
 21380 | D:6      | 21380 ||| FLEEEEING.
 21381 | D:6      | 21381 ||| FLEEEEING.
 21382 | D:6      | 21382 ||| FLEEEEING.
 21487 | Temple   | Became a worshipper of Warmaster Okawaru
 21488 | Temple   | 21488 ||| PLANNING D:1-11
 25541 | D:6      | Fell from the grace of Okawaru
 25542 | D:6      | 25542 ||| PLANNING OKAWARU WORSHIP
 25543 | D:6      | 25543 ||| FLEEEEING.
 25544 | D:6      | 25544 ||| FLEEEEING.
 25545 | D:6      | 25545 ||| FLEEEEING.
 25650 | Temple   | Became a worshipper of Warmaster Okawaru
 25651 | Temple   | 25651 ||| PLANNING D:1-11
 30383 | D:6      | Glimpsed the power of Zot.
 30883 | D:6      | Glimpsed the power of Zot.
 31283 | D:6      | Glimpsed the power of Zot.
 31383 | D:6      | Touched by the power of Zot (MHP 69 -> 55)
 31384 | D:6      | Glimpsed the power of Zot.
 31790 | D:6      | 31790 ||| PLANNING D:1-11
 31815 | D:6      | 31815 ||| PLANNING D:1-11
 31871 | D:6      | Glimpsed the power of Zot.
 32090 | D:7      | Noticed a hornet
 32093 | D:7      | Killed a hornet
 32192 | D:7      | Found a basalt altar of Yredelemnul.
 32258 | D:7      | Reached XP level 9. HP: 48/63 MP: 11/11
 32322 | D:7      | Noticed Pikel
 32328 | D:7      | Killed Pikel
 32333 | D:7      | Noticed Joseph
 32338 | D:7      | Killed Joseph
 32681 | D:8      | Noticed Grum
 32681 | D:8      | 32681 ||| INVOKING Heroism.
 32690 | D:8      | Killed Grum
 32712 | D:8      | Noticed a rime drake
 32717 | D:8      | Killed a rime drake
 32717 | D:8      | Reached ** piety under Okawaru
 32727 | D:8      | 32727 ||| FLEEEEING.
 32728 | D:8      | 32728 ||| FLEEEEING.
 32729 | D:8      | 32729 ||| FLEEEEING.
 32783 | D:8      | 32783 ||| PLANNING D:1-11
 32796 | D:8      | Found a staircase to the Lair.
 32813 | D:8      | Noticed a polar bear
 32814 | D:8      | 32814 ||| INVOKING Heroism.
 32819 | D:8      | Killed a polar bear
 32820 | D:8      | Reached skill level 12 in Ranged Weapons
 32820 | D:8      | Reached XP level 10. HP: 61/71 MP: 9/12
 32843 | D:8      | 32843 ||| INVOKING Heroism.
 32882 | D:8      | 32882 ||| INVOKING Heroism.
 32898 | D:8      | Found Padgh's Distillery.
 32908 | D:8      | 32908 ||| BUYING potion of enlightenment (75 gold).
 32908 | D:8      | Bought a potion of enlightenment for 75 gold pieces
 32908 | D:8      | 32908 ||| BUYING potion of haste (150 gold).
 32908 | D:8      | Bought a potion of haste for 150 gold pieces
 32908 | D:8      | 32908 ||| BUYING potion of heal wounds (75 gold).
 32908 | D:8      | Bought a potion of heal wounds for 75 gold pieces
 32908 | D:8      | 32908 ||| BUYING potion of heal wounds (75 gold).
 32908 | D:8      | Bought a potion of heal wounds for 75 gold pieces
 32908 | D:8      | 32908 ||| SHOPLISTING potion of magic (120 gold, have 57).
 32908 | D:8      | 32908 ||| SHOPLISTING potion of might (60 gold, have 57).
 32908 | D:8      | 32908 ||| SHOPLISTING potion of mutation (120 gold, have
                  | 57).
 33021 | D:8      | Reached skill level 6 in Dodging
 33108 | D:8      | Noticed a gargoyle
 33111 | D:8      | 33111 ||| INVOKING Heroism.
 33112 | D:8      | Killed a gargoyle
 33517 | D:8      | 33517 ||| PLANNING LAIR
 33517 | D:8      | 33517 ||| READING scroll labelled UTEBIR GOBO.
 33626 | D:8      | 33626 ||| READING scroll labelled MASAGE XUUDD.
 33627 | D:8      | 33627 ||| READING scroll labelled CIWIT NULUDOCA.
 33628 | D:8      | 33628 ||| DRINKING 2 cyan potions.
 33629 | D:8      | 33629 ||| READING 3 scrolls of identify.
 33629 | D:8      | 33629 ||| IDENTIFYING puce potion
 33630 | D:8      | 33630 ||| DROPPING potion of brilliance.
 33677 | Lair:1   | Entered Level 1 of the Lair of Beasts
 33678 | Lair:1   | 33678 ||| PLANNING GAUNTLET
 33695 | Lair:1   | Noticed a cane toad
 33696 | Lair:1   | 33696 ||| INVOKING Heroism.
 33699 | Lair:1   | Killed a cane toad
 33744 | Lair:1   | Noticed a black mamba
 33744 | Lair:1   | Noticed a cane toad
 33745 | Lair:1   | 33745 ||| INVOKING Heroism.
 33746 | Lair:1   | Noticed a death yak
 33748 | Lair:1   | Killed a black mamba
 33752 | Lair:1   | Killed a cane toad
 33752 | Lair:1   | Reached *** piety under Okawaru
 33752 | Lair:1   | Noticed a death yak
 33753 | Lair:1   | Reached skill level 9 in Fighting
 33754 | Lair:1   | Noticed a death yak
 33758 | Lair:1   | Killed a death yak
 33759 | Lair:1   | Reached skill level 6 in Armour
 33762 | Lair:1   | 33762 ||| INVOKING Heroism.
 33766 | Lair:1   | Killed a death yak
 33768 | Lair:1   | HP: 7/75 [death yak (21)]
 33769 | Lair:1   | 33769 ||| READING 3 scrolls of teleportation.
 33770 | Lair:1   | 33770 ||| DRINKING 5 potions of heal wounds.
 33771 | Lair:1   | 33771 ||| DRINKING 4 potions of heal wounds.
 33899 | Lair:1   | 33899 ||| INVOKING Heroism.
 33903 | Lair:1   | Killed a death yak
 33903 | Lair:1   | Reached **** piety under Okawaru
 33904 | Lair:1   | Reached XP level 11. HP: 82/82 MP: 10/13
 33980 | Lair:1   | 33980 ||| INVOKING Heroism.
 34002 | Lair:1   | Noticed a boulder beetle
 34006 | Lair:1   | 34006 ||| INVOKING Heroism.
 34015 | Lair:1   | Killed a boulder beetle
 34027 | Lair:1   | 34027 ||| INVOKING Heroism.
 34094 | Lair:1   | Found a gate leading to a gauntlet.
 34113 | Lair:1   | 34113 ||| INVOKING Heroism.
 34307 | Lair:1   | 34307 ||| Stepping randomly (stuck).
 34309 | Lair:1   | 34309 ||| Stepping randomly (stuck).
 34311 | Lair:1   | 34311 ||| Stepping randomly (stuck).
 34313 | Lair:1   | 34313 ||| Stepping randomly (stuck).
 34315 | Lair:1   | 34315 ||| Stepping randomly (stuck).
 34317 | Lair:1   | 34317 ||| Stepping randomly (stuck).
 34319 | Lair:1   | 34319 ||| Stepping randomly (stuck).
 34321 | Lair:1   | 34321 ||| Stepping randomly (stuck).
 34322 | Lair:1   | 34322 ||| PLANNING GAUNTLET
 34426 | Lair:1   | 34426 ||| INVOKING Heroism.
 34517 | Lair:1   | 34517 ||| RIP GAUNTLET
 34517 | Lair:1   | 34517 ||| PLANNING LAIR
 34610 | Lair:1   | 34610 ||| INVOKING Heroism.
 34614 | Lair:1   | Received a gift from Okawaru
 34760 | Lair:2   | Noticed a death yak
 34760 | Lair:2   | Noticed a death yak
 34761 | Lair:2   | 34761 ||| INVOKING Heroism.
 34761 | Lair:2   | Noticed a death yak
 34765 | Lair:2   | Killed a death yak
 34765 | Lair:2   | Noticed a death yak
 34769 | Lair:2   | Noticed a death yak
 34771 | Lair:2   | Killed a death yak
 34772 | Lair:2   | Noticed a death yak
 34776 | Lair:2   | Killed a death yak
 34777 | Lair:2   | Reached skill level 6 in Invocations
 34782 | Lair:2   | Killed a death yak
 34788 | Lair:2   | 34788 ||| INVOKING Heroism.
 34790 | Lair:2   | Killed a death yak
 34791 | Lair:2   | Reached skill level 15 in Ranged Weapons
 34795 | Lair:2   | Killed a death yak
 34974 | Lair:2   | 34974 ||| INVOKING Heroism.
 34980 | Lair:2   | Reached ***** piety under Okawaru
 35068 | Lair:2   | 35068 ||| INVOKING Heroism.
 35072 | Lair:2   | Reached XP level 12. HP: 91/91 MP: 13/16
 35292 | Lair:2   | Found a dark tunnel.
 35510 | Lair:2   | 35510 ||| READING 2 scrolls labelled HOENNA WELUSKE.
 35511 | Lair:2   | 35511 ||| DROPPING scroll of blinking.
 35594 | Lair:2   | Found a hole to the Spider Nest.
 35602 | Lair:2   | Received a gift from Okawaru
 35607 | Lair:2   | 35607 ||| INVOKING Heroism.
 35736 | Lair:2   | 35736 ||| INVOKING Heroism.
 35890 | Lair:2   | 35890 ||| FLEEEEING.
 35897 | Lair:2   | 35897 ||| INVOKING Heroism.
 36295 | Lair:3   | Found a staircase to the Swamp.
 36324 | Lair:3   | Noticed Rupert
 36325 | Lair:3   | 36325 ||| INVOKING Heroism.
 36325 | Lair:3   | Noticed a six-headed hydra
 36328 | Lair:3   | Killed a six-headed hydra
 36329 | Lair:3   | Reached skill level 9 in Invocations
 36343 | Lair:3   | Killed Rupert
 37106 | Lair:3   | 37106 ||| INVOKING Heroism.
 37108 | Lair:3   | Noticed a death yak
 37108 | Lair:3   | Noticed a death yak
 37109 | Lair:3   | 37109 ||| INVOKING Finesse.
 37112 | Lair:3   | Killed a death yak
 37113 | Lair:3   | Reached skill level 9 in Dodging
 37113 | Lair:3   | Reached XP level 13. HP: 96/101 MP: 11/19
 37345 | Lair:3   | 37345 ||| READING scroll labelled RYVYOSCHUGOC.
 37489 | Lair:4   | 37489 ||| INVOKING Heroism.
 37490 | Lair:4   | HP: 25/101 [skyshark (4)]
 37491 | Lair:4   | 37491 ||| READING 3 scrolls of teleportation.
 37493 | Lair:4   | 37493 ||| DRINKING 5 potions of heal wounds.
 37494 | Lair:4   | 37494 ||| DRINKING 4 potions of heal wounds.
 37680 | Lair:4   | 37680 ||| INVOKING Heroism.
 37856 | Lair:4   | 37856 ||| INVOKING Heroism.
 37939 | Lair:4   | Found a staircase to the Slime Pits.
 37940 | Lair:4   | Found a viscous altar of Jiyva.
 38342 | Lair:4   | 38342 ||| DRINKING 2 golden potions.
 38343 | Lair:4   | 38343 ||| READING 9 scrolls of identify.
 38343 | Lair:4   | 38343 ||| IDENTIFYING sedimented cyan potion
 38344 | Lair:4   | 38344 ||| DRINKING potion of experience.
 38344 | Lair:4   | Reached XP level 14. HP: 108/108 MP: 20/20
 38368 | Lair:5   | Entered Level 5 of the Lair of Beasts
 38379 | Lair:5   | 38379 ||| STAIRDANCE
 38513 | Lair:5   | 38513 ||| INVOKING Heroism.
 38611 | Lair:5   | Found a white marble altar of Elyvilon.
 38683 | Lair:5   | 38683 ||| Stepping ~*~*~tactically~*~*~ (outnumbered).
 38684 | Lair:5   | 38684 ||| Stepping ~*~*~tactically~*~*~ (outnumbered).
 38685 | Lair:5   | 38685 ||| Stepping ~*~*~tactically~*~*~ (outnumbered).
 38693 | Lair:5   | 38693 ||| INVOKING Heroism.
 38722 | Lair:5   | Reached skill level 18 in Ranged Weapons
 38856 | Lair:5   | 38856 ||| FLEEEEING.
 38857 | Lair:5   | 38857 ||| FLEEEEING.
 38860 | Lair:5   | 38860 ||| FLEEEEING.
 38861 | Lair:5   | 38861 ||| FLEEEEING.
 38862 | Lair:5   | 38862 ||| FLEEEEING.
 38863 | Lair:5   | 38863 ||| FLEEEEING.
 38864 | Lair:5   | 38864 ||| FLEEEEING.
 38865 | Lair:5   | 38865 ||| FLEEEEING.
 38866 | Lair:5   | 38866 ||| FLEEEEING.
 38869 | Lair:5   | 38869 ||| FLEEEEING.
 38870 | Lair:5   | 38870 ||| FLEEEEING.
 38871 | Lair:5   | 38871 ||| FLEEEEING.
 38872 | Lair:5   | 38872 ||| FLEEEEING.
 38873 | Lair:5   | 38873 ||| FLEEEEING.
 38874 | Lair:5   | 38874 ||| FLEEEEING.
 38875 | Lair:5   | 38875 ||| FLEEEEING.
 38876 | Lair:5   | 38876 ||| FLEEEEING.
 38877 | Lair:5   | 38877 ||| FLEEEEING.
 38878 | Lair:5   | 38878 ||| FLEEEEING.
 38879 | Lair:5   | 38879 ||| FLEEEEING.
 38880 | Lair:5   | 38880 ||| FLEEEEING.
 38881 | Lair:5   | 38881 ||| FLEEEEING.
 38882 | Lair:5   | 38882 ||| FLEEEEING.
 38883 | Lair:5   | 38883 ||| FLEEEEING.
 38884 | Lair:5   | 38884 ||| FLEEEEING.
 38885 | Lair:5   | 38885 ||| FLEEEEING.
 38886 | Lair:5   | 38886 ||| FLEEEEING.
 38887 | Lair:5   | 38887 ||| FLEEEEING.
 38888 | Lair:5   | 38888 ||| FLEEEEING.
 38889 | Lair:5   | 38889 ||| FLEEEEING.
 38890 | Lair:5   | 38890 ||| FLEEEEING.
 38892 | Lair:5   | 38892 ||| FLEEEEING.
 38893 | Lair:5   | 38893 ||| FLEEEEING.
 38894 | Lair:5   | 38894 ||| FLEEEEING.
 38895 | Lair:5   | 38895 ||| FLEEEEING.
 38896 | Lair:5   | 38896 ||| FLEEEEING.
 38897 | Lair:5   | 38897 ||| FLEEEEING.
 38898 | Lair:5   | 38898 ||| FLEEEEING.
 38904 | Lair:5   | 38904 ||| STAIRDANCE
 38939 | Lair:5   | 38939 ||| INVOKING Heroism.
 39046 | Lair:5   | Reached skill level 12 in Fighting
 39323 | Lair:5   | 39323 ||| Stepping ~*~*~tactically~*~*~ (water).
 39325 | Lair:5   | 39325 ||| Stepping ~*~*~tactically~*~*~ (water).
 39371 | Lair:5   | Received a gift from Okawaru
 39371 | Lair:5   | Found the +3 pair of seven-league boots {Rampage+∞}
 39395 | Lair:5   | 39395 ||| INVOKING Heroism.
 39396 | Lair:5   | 39396 ||| INVOKING Finesse.
 39406 | Lair:5   | HP: 17/111 [fire dragon/blast of flame (25)]
 39407 | Lair:5   | 39407 ||| READING 2 scrolls of teleportation.
 39408 | Lair:5   | 39408 ||| DRINKING 3 potions of heal wounds.
 39704 | Lair:5   | 39704 ||| INVOKING Heroism.
 39985 | Lair:5   | 39985 ||| INVOKING Heroism.
 40051 | Lair:5   | Identified the +1 hand axe of the Maze {drain, Drain Fly
                  | Str+5 Int-5}
 40132 | Lair:5   | 40132 ||| Stepping ~*~*~tactically~*~*~ (outnumbered).
 40134 | Lair:5   | 40134 ||| Stepping ~*~*~tactically~*~*~ (outnumbered).
 40317 | Lair:5   | 40317 ||| PLANNING D:1-11
 40317 | Lair:5   | 40317 ||| UPGRADING to +3 pair of seven-league boots
                  | {Rampage+∞}.
 40327 | Lair:5   | 40327 ||| DROPPING +0 pair of boots.
 40328 | Lair:5   | 40328 ||| DROPPING +2 pair of gloves.
 40329 | Lair:5   | 40329 ||| UPGRADING to +2 cloak.
 40339 | Lair:5   | 40339 ||| DROPPING +0 cloak of willpower.
 40340 | Lair:5   | 40340 ||| UPGRADING to amulet of regeneration.
 40594 | D:9      | Found a runed translucent door.
 40595 | D:9      | Found a shimmering altar of Xom.
 40595 | D:9      | Noticed qw's ghost (journeyman MiHs)
 40669 | D:9      | 40669 ||| Stepping ~*~*~tactically~*~*~ (outnumbered).
 40694 | D:9      | 40694 ||| Stepping ~*~*~tactically~*~*~ (outnumbered).
 41283 | D:9      | 41283 ||| READING scroll labelled VEMOMU OMOPLYA.
 41352 | D:10     | Entered Level 10 of the Dungeon
 41352 | D:10     | Found a staircase to the Orcish Mines.
 41361 | D:10     | 41361 ||| STAIRDANCE
 41388 | D:10     | 41388 ||| INVOKING Heroism.
 41389 | D:10     | 41389 ||| Stepping ~*~*~tactically~*~*~ (outnumbered).
 41420 | D:10     | 41420 ||| INVOKING Heroism.
 41422 | D:10     | Reached XP level 15. HP: 109/118 MP: 18/21
 41937 | D:11     | You fall into a shaft and drop 1 floor!
 41959 | D:12     | 41959 ||| INVOKING Heroism.
 41988 | D:12     | Identified the +4 ring mail of the Armoured One {Regen+}
                  | (Okawaru gifted it to you on level 12 of the Dungeon)
 41988 | D:12     | Received a gift from Okawaru
 42000 | D:12     | Noticed Lodul
 42009 | D:12     | Killed Lodul
 42233 | D:12     | 42233 ||| DROPPING +2 ring mail of poison resistance.
 42531 | D:11     | Found the +8 Vampire's Tooth {megavamp}
 42614 | D:11     | 42614 ||| PLANNING D
 42868 | D:13     | Noticed Snorg
 42877 | D:13     | 42877 ||| INVOKING Heroism.
 42878 | D:13     | Killed Snorg
 42989 | D:13     | 42989 ||| Stepping ~*~*~tactically~*~*~ (outnumbered).
 42993 | D:13     | 42993 ||| Stepping ~*~*~tactically~*~*~ (outnumbered).
 42994 | D:13     | 42994 ||| Stepping ~*~*~tactically~*~*~ (outnumbered).
 43002 | D:13     | 43002 ||| Stepping ~*~*~tactically~*~*~ (outnumbered).
 43008 | D:13     | 43008 ||| INVOKING Heroism.
 43133 | D:13     | Found a broken altar of Ashenzari.
 43173 | D:13     | 43173 ||| FLEEEEING.
 43174 | D:13     | 43174 ||| FLEEEEING.
 43176 | D:13     | 43176 ||| FLEEEEING.
 43177 | D:13     | 43177 ||| FLEEEEING.
 43178 | D:13     | 43178 ||| FLEEEEING.
 43179 | D:13     | 43179 ||| FLEEEEING.
 43180 | D:13     | 43180 ||| FLEEEEING.
 43181 | D:13     | 43181 ||| FLEEEEING.
 43182 | D:13     | 43182 ||| FLEEEEING.
 43183 | D:13     | 43183 ||| FLEEEEING.
 43184 | D:13     | 43184 ||| FLEEEEING.
 43185 | D:13     | 43185 ||| FLEEEEING.
 43186 | D:13     | 43186 ||| FLEEEEING.
 43266 | D:13     | 43266 ||| FLEEEEING.
 43267 | D:13     | 43267 ||| FLEEEEING.
 43294 | D:13     | 43294 ||| Stepping ~*~*~tactically~*~*~ (outnumbered).
 43316 | D:13     | 43316 ||| Stepping ~*~*~tactically~*~*~ (outnumbered).
 43319 | D:13     | 43319 ||| Stepping ~*~*~tactically~*~*~ (outnumbered).
 43321 | D:13     | 43321 ||| Stepping ~*~*~tactically~*~*~ (outnumbered).
 43536 | D:13     | 43536 ||| INVOKING Heroism.
 43596 | D:13     | Found a gate to the Vaults.
 43770 | D:14     | 43770 ||| INVOKING Heroism.
 43771 | D:14     | 43771 ||| INVOKING Finesse.
 43858 | D:14     | 43858 ||| INVOKING Heroism.
 43902 | D:14     | Reached skill level 12 in Dodging
 43920 | D:14     | 43920 ||| INVOKING Heroism.
 44064 | D:14     | Found a frozen archway.
 44300 | D:14     | 44300 ||| READING scroll of acquirement.
 44300 | D:14     | 44300 ||| ACQUIRING 642 gold pieces
 44300 | D:14     | Acquired 642 gold pieces
 44362 | D:14     | 44362 ||| UPGRADING to scarf of resistance.
 44397 | D:15     | Entered Level 15 of the Dungeon
 44417 | D:15     | Found a bloodstained altar of Trog.
 44490 | D:15     | Found a staircase to the Depths.
 44490 | D:15     | Noticed a fire giant
 44500 | D:15     | 44500 ||| INVOKING Heroism.
 44505 | D:15     | Killed a fire giant
 44582 | D:15     | 44582 ||| INVOKING Heroism.
 44587 | D:15     | Reached skill level 15 in Fighting
 44801 | D:15     | 44801 ||| INVOKING Heroism.
 44839 | D:15     | 44839 ||| INVOKING Heroism.
 44964 | D:15     | 44964 ||| PLANNING ORC
 45092 | Orc:1    | Entered Level 1 of the Orcish Mines
 45401 | Orc:1    | 45401 ||| Stepping ~*~*~tactically~*~*~ (outnumbered).
 45477 | Orc:2    | Entered Level 2 of the Orcish Mines
 45510 | Orc:2    | 45510 ||| Stepping ~*~*~tactically~*~*~ (outnumbered).
 45599 | Orc:2    | 45599 ||| Stepping ~*~*~tactically~*~*~ (outnumbered).
 45603 | Orc:2    | 45603 ||| INVOKING Heroism.
 45619 | Orc:2    | Found Ynnet's General Store.
 45622 | Orc:2    | 45622 ||| Stepping ~*~*~tactically~*~*~ (outnumbered).
 45624 | Orc:2    | 45624 ||| Stepping ~*~*~tactically~*~*~ (outnumbered).
 45626 | Orc:2    | 45626 ||| Stepping ~*~*~tactically~*~*~ (outnumbered).
 45628 | Orc:2    | Reached XP level 16. HP: 130/134 MP: 22/22
 45630 | Orc:2    | 45630 ||| Stepping ~*~*~tactically~*~*~ (outnumbered).
 45639 | Orc:2    | 45639 ||| INVOKING Heroism.
 45642 | Orc:2    | 45642 ||| Stepping ~*~*~tactically~*~*~ (outnumbered).
 45658 | Orc:2    | 45658 ||| INVOKING Heroism.
 45695 | Orc:2    | Found Otse's Assorted Antiques.
 45699 | Orc:2    | 45699 ||| BUYING scroll of enchant armour (112 gold).
 45699 | Orc:2    | Bought a scroll of enchant armour for 112 gold pieces
 45699 | Orc:2    | 45699 ||| READING scroll of enchant armour.
 45699 | Orc:2    | 45699 ||| ENCHANTING +0 pair of gloves of dexterity.
 45704 | Orc:2    | 45704 ||| BUYING glowing ruby ring (145 gold).
 45704 | Orc:2    | Bought a glowing ruby ring for 145 gold pieces
 45704 | Orc:2    | 45704 ||| BUYING scroll of teleportation (87 gold).
 45704 | Orc:2    | Bought a scroll of teleportation for 87 gold pieces
 45704 | Orc:2    | 45704 ||| BUYING slimy amethyst amulet (145 gold).
 45704 | Orc:2    | Bought a slimy amethyst amulet for 145 gold pieces
 45704 | Orc:2    | Identified the amulet "Tuoreos" {Rampage rElec rC- Regen+
                  | Int+4} (You bought it in a shop on level 2 of the Orcish
                  | Mines)
 45704 | Orc:2    | Found Hibiycum's Antique Armour Boutique.
 45706 | Orc:2    | Found Ytoph's Antique Armour Emporium.
 45849 | Orc:2    | 45849 ||| Stepping ~*~*~tactically~*~*~ (outnumbered).
 45857 | Orc:2    | Found a staircase to the Elven Halls.
 45858 | Orc:2    | 45858 ||| Stepping ~*~*~tactically~*~*~ (outnumbered).
 45953 | Orc:2    | Found Luelapt's Book Emporium.
 46090 | Orc:2    | 46090 ||| INVOKING Heroism.
 46091 | Orc:2    | 46091 ||| INVOKING Finesse.
 46191 | Orc:2    | 46191 ||| PLANNING SWAMP:1-3
 46191 | Orc:2    | 46191 ||| DROPPING amulet "Tuoreos" {Rampage rElec rC-
                  | Regen+ Int+4}.
 46192 | Orc:2    | 46192 ||| DROPPING ring of willpower.
 46193 | Orc:2    | 46193 ||| DROPPING ring of ice.
 46340 | Swamp:1  | Entered Level 1 of the Swamp
 46353 | Swamp:1  | 46353 ||| INVOKING Heroism.
 46363 | Swamp:1  | 46363 ||| Stepping ~*~*~tactically~*~*~ (water).
 46403 | Swamp:1  | 46403 ||| Stepping ~*~*~tactically~*~*~ (water).
 46447 | Swamp:1  | 46447 ||| INVOKING Heroism.
 46503 | Swamp:1  | Noticed a thorn hunter
 46504 | Swamp:1  | 46504 ||| INVOKING Finesse.
 46505 | Swamp:1  | 46505 ||| INVOKING Heroism.
 46508 | Swamp:1  | Killed a thorn hunter
 46596 | Swamp:1  | 46596 ||| INVOKING Heroism.
 46743 | Swamp:1  | Identified the +1 robe of the Shining One {Fly rElec rPois
                  | Dex-4}
 46765 | Swamp:1  | 46765 ||| INVOKING Heroism.
 46887 | Swamp:1  | 46887 ||| Stepping ~*~*~tactically~*~*~ (water).
 47074 | Swamp:2  | 47074 ||| INVOKING Heroism.
 47120 | Swamp:2  | Received a gift from Okawaru
 47233 | Swamp:2  | 47233 ||| Stepping ~*~*~tactically~*~*~ (water).
 47308 | Swamp:2  | 47308 ||| READING scroll of enchant armour.
 47308 | Swamp:2  | 47308 ||| ENCHANTING +1 pair of gloves of dexterity.
 47537 | Swamp:2  | 47537 ||| DROPPING ring of resist corrosion.
 47572 | Swamp:3  | 47572 ||| Stepping ~*~*~tactically~*~*~ (water).
 47594 | Swamp:3  | Noticed a tentacled monstrosity
 47597 | Swamp:3  | Noticed qw's ghost (adept GrHs)
 47649 | Swamp:3  | 47649 ||| INVOKING Heroism.
 47716 | Swamp:3  | 47716 ||| INVOKING Heroism.
 47739 | Swamp:3  | Found the +2 hat of the Bear Spirit {Spirit, Bear, *Rage
                  | Will++}
 47740 | Swamp:3  | 47740 ||| INVOKING Heroism.
 47741 | Swamp:3  | 47741 ||| Stepping ~*~*~tactically~*~*~ (water).
 47774 | Swamp:3  | HP: 34/141 [tyrant leech (24)]
 47775 | Swamp:3  | 47775 ||| READING 5 scrolls of teleportation.
 47952 | Swamp:3  | 47952 ||| INVOKING Heroism.
 47973 | Swamp:3  | 47973 ||| Stepping ~*~*~tactically~*~*~ (water).
 48009 | Swamp:3  | Reached skill level 18 in Fighting
 48050 | Swamp:3  | 48050 ||| INVOKING Heroism.
 48090 | Swamp:3  | HP: 33/141 [will-o-the-wisp/foxfire (3)]
 48091 | Swamp:3  | 48091 ||| DRINKING 4 potions of heal wounds.
 48126 | Swamp:3  | 48126 ||| INVOKING Heroism.
 48212 | Swamp:3  | 48212 ||| INVOKING Heroism.
 48280 | Swamp:3  | Noticed a thorn hunter
 48281 | Swamp:3  | 48281 ||| INVOKING Heroism.
 48287 | Swamp:3  | Killed a thorn hunter
 48330 | Swamp:3  | 48330 ||| INVOKING Heroism.
 48365 | Swamp:3  | 48365 ||| Stepping ~*~*~tactically~*~*~ (water).
 48367 | Swamp:3  | 48367 ||| Stepping ~*~*~tactically~*~*~ (water).
 48370 | Swamp:3  | Reached skill level 15 in Dodging
 48428 | Swamp:3  | Found a transporter.
 48441 | Swamp:3  | Found a transporter.
 48445 | Swamp:3  | 48445 ||| Stepping ~*~*~tactically~*~*~ (cloud).
 48449 | Swamp:3  | 48449 ||| Stepping ~*~*~tactically~*~*~ (cloud).
 48549 | Swamp:3  | 48549 ||| Stepping ~*~*~tactically~*~*~ (water).
 48559 | Swamp:3  | 48559 ||| Stepping ~*~*~tactically~*~*~ (cloud).
 48742 | Swamp:3  | 48742 ||| PLANNING SPIDER:1-3
 48742 | Swamp:3  | 48742 ||| DROPPING +1 pair of gloves.
 48743 | Swamp:3  | 48743 ||| DROPPING +2 pair of gloves.
 48744 | Swamp:3  | 48744 ||| DROPPING +2 pair of gloves.
 48745 | Swamp:3  | 48745 ||| UPGRADING to ring of poison resistance.
 48747 | Swamp:3  | 48747 ||| READING 16 scrolls of identify.
 48747 | Swamp:3  | 48747 ||| IDENTIFYING pink potion
 48925 | Spider:1 | Entered Level 1 of the Spider Nest
 48928 | Spider:1 | 48928 ||| FLEEEEING.
 48929 | Spider:1 | 48929 ||| FLEEEEING.
 48930 | Spider:1 | 48930 ||| STAIRDANCE
 48934 | Spider:1 | 48934 ||| STAIRDANCE
 48938 | Spider:1 | 48938 ||| STAIRDANCE
 49187 | Spider:1 | You fall into a shaft and drop 1 floor!
 49194 | Spider:2 | 49194 ||| DRINKING 11 potions of curing.
 49194 | Spider:2 | 49194 ||| (to cure confusion)
 49197 | Spider:2 | 49197 ||| INVOKING Heroism.
 49205 | Spider:2 | HP: 35/144 [wolf spider (4)]
 49206 | Spider:2 | 49206 ||| READING 4 scrolls of teleportation.
 49207 | Spider:2 | 49207 ||| DRINKING 4 potions of heal wounds.
 49208 | Spider:2 | 49208 ||| DRINKING 3 potions of heal wounds.
 49209 | Spider:2 | 49209 ||| DRINKING 2 potions of heal wounds.
 49297 | Spider:2 | 49297 ||| INVOKING Finesse.
 49307 | Spider:2 | Reached XP level 17. HP: 152/152 MP: 17/23
 49308 | Spider:2 | 49308 ||| INVOKING Heroism.
 49445 | Spider:1 | 49445 ||| Stepping ~*~*~tactically~*~*~ (outnumbered).
 49449 | Spider:1 | 49449 ||| INVOKING Finesse.
 50291 | Spider:2 | 50291 ||| STAIRDANCE
 50325 | Spider:2 | 50325 ||| INVOKING Finesse.
 50381 | Spider:2 | 50381 ||| INVOKING Heroism.
 50623 | Spider:2 | 50623 ||| INVOKING Heroism.
 50687 | Spider:2 | Identified the +8 chain mail "Toptukev" {Slay+5} (Okawaru
                  | gifted it to you on level 2 of the Spider Nest)
 50687 | Spider:2 | Received a gift from Okawaru
 50717 | Spider:2 | Noticed Arachne
 50718 | Spider:2 | 50718 ||| INVOKING Finesse.
 50739 | Spider:2 | 50739 ||| INVOKING Heroism.
 50743 | Spider:2 | Killed Arachne
 50824 | Spider:2 | 50824 ||| FLEEEEING.
 50918 | Spider:2 | 50918 ||| UPGRADING to +2 hat.
 50987 | Spider:3 | 50987 ||| INVOKING Finesse.
 51118 | Spider:3 | 51118 ||| INVOKING Heroism.
 51123 | Spider:3 | HP: 34/155 [meliai/divine providence (11)]
 51124 | Spider:3 | 51124 ||| READING 3 scrolls of teleportation.
 51125 | Spider:3 | 51125 ||| DRINKING 2 potions of heal wounds.
 51126 | Spider:3 | HP: 12/147 [pharaoh ant (13)]
 51127 | Spider:3 | 51127 ||| DRINKING potion of heal wounds.
 51129 | Spider:3 | 51129 ||| READING 2 scrolls of teleportation.
 51133 | Spider:3 | 51133 ||| READING scroll of teleportation.
 51141 | Spider:3 | HP: 32/152 [spark wasp (13)]
 51146 | Spider:3 | HP: 12/154 [pharaoh ant (11)]
 51149 | Spider:3 | Slain by a demonic crawler

Levels and vault maps discovered:
D:1:      wander_arrival_abandoned_jail, layout_loops_ring,
          shapermc_ecumenical_altar_hornbeckon, wad_floor_pattern_1
D:2:      layout_basic, serial_shops, shop, hex_intersection,
          kennysheep_flooded_box
D:3:      layout_loops_cross, lemuel_round_altar, overflow_temple_1_default,
          cheibrodos_sewer_entry_bend, minmay_misc_feat_enclosed, hex_tiny
D:4:      layout_basic
D:5:      layout_basic, nicolae_ru_the_path_less_chosen, xom_butterflies,
          temple_pool_b, uniq_blork_the_orc
D:6:      layout_loops_corners, lemuel_coloured_pillars_altar, tgw_fedhas,
          nicolae_ossuary_entry_catacombs, hangedman_decor_peaks_small,
          nicolae_titane
D:7:      layout_rooms, mainiacjoe_overflow_brackets, uniq_pikel, uniq_joseph
D:8:      layout_loops_ring, hellmonk_lair_entry_icy, serial_rivers,
          chequers_serial_rivers_large_a, chequers_serial_rivers_marsh,
          chequers_serial_rivers_micro_c, chequers_serial_rivers_micro_c,
          chequers_serial_rivers_small_b, chequers_serial_rivers_room_a,
          serial_shops, nicolae_shop_trees, minmay_small_thing, uniq_grum
D:9:      kennysheep_seaside_town, layout_basic, ebering_ghost_xom
D:10:     layout_roguey, david_orc_3, minivault_28
D:11:     layout_cave_pools, minmay_guarded_unrand_vampires_tooth
D:12:     layout_cave_pools, uniq_lodul
D:13:     layout_loops_ring, ximxim_vaults_locker_room,
          ashenzari_conservatory_becter, uniq_snorg
D:14:     layout_irregular_city, hangedman_abyss_or_decor_lesser_grid,
          portal_ice_cave_entry_pillars_2,
          nicolae_concentric_dashed_squares_mild
D:15:     grunt_enter_depths_giant_problem, layout_loops_ring, bloody_trog
Temple:   nicolae_temple_no_exploring_needed
Lair:1:   layout_loops_ring, gauntlet_entry_generic, grunt_megastairs_2
Lair:2:   layout_cellular_growth, spider_nest_entry_funnel_web, enter_volcano_1,
          dreamdust_mushroom_princess, serial_bayou_pond_a,
          serial_bayou_lagoon_a, pdpol_lair_cavern_descent
Lair:3:   layout_regular_city, swamp_mist, hangedman_lair_generics_rect,
          grunt_megastairs_3, uniq_rupert
Lair:4:   layout_regular_city, slime_entry_1
Lair:5:   guppyfry_lair_end_dragon, layout_cave_pods,
          hangedman_lair_caniforms_friends, basic_altar
Swamp:1:  layout_basic_swamp, evilmike_swamp_ruin_house_3, swamp_pool1,
          infiniplex_staircase_pool_2
Swamp:2:  layout_basic_swamp, evilmike_swamp_ruin_house_5,
          infiniplex_staircase_pool
Swamp:3:  nzn_winding_woodlands_medium [nzn_winding_woodlands_5x5_open_star,
          nzn_winding_woodlands_5x15_pathside_ponds,
          nzn_winding_woodlands_5x5_closed_star,
          nzn_winding_woodlands_5x5_default,
          nzn_winding_woodlands_center_triple_pond,
          nzn_winding_woodlands_hourglass, nzn_winding_woodlands_5x5_three,
          nzn_winding_woodlands_5x15_lazy_stream,
          nzn_winding_woodlands_5x5_default], layout_basic_swamp,
          gammafunk_ghost_arena, evilmike_swamp_ruin_house_1,
          nicolae_swamp_orc_logging_accident
Spider:1: layout_chambers, drop_trap, nicolae_spider_webs_and_nodes
Spider:2: layout_cave_pods, uniq_arachne
Spider:3: nicolae_spider_hilbert_zone_1 [nicolae_spider_hilbert_4_sides_1_open,
          nicolae_spider_hilbert_4_sides_1_open,
          nicolae_spider_hilbert_4_sides_1_open,
          nicolae_spider_hilbert_4_sides_1_open,
          nicolae_spider_hilbert_3_sides_1_open,
          nicolae_spider_hilbert_3_sides_1_open,
          nicolae_spider_hilbert_3_sides_1_open,
          nicolae_spider_hilbert_3_sides_1_open,
          nicolae_spider_hilbert_3_sides_1_open,
          nicolae_spider_hilbert_6_sides_1_open,
          nicolae_spider_hilbert_6_sides_1_open,
          nicolae_spider_hilbert_3_sides_1_open,
          nicolae_spider_hilbert_3_sides_1_open,
          nicolae_spider_hilbert_3_sides_1_open,
          nicolae_spider_hilbert_3_sides_1_open,
          nicolae_spider_hilbert_2_sides_1_open]
Orc:1:    layout_caves
Orc:2:    st_orc_elflike, layout_caves, serial_shops,
          nicolae_shop_hallway_stairs

Skill      XL: |  1  2  3  4  5  6  7  8  9 10 11 12 13 14 15 16 17 |
---------------+----------------------------------------------------+-----
Ranged Weapons | 3 5 6 8 9 12 13 15 16 17 19 20 | 20.0
Fighting       | 2 3 4 5 7 9 10 11 12 15 19 20 | 20.0
Armour         | 1 3 4 6 10 11 | 11.0
Invocations    | 2 4 7 10 | 10.0
Dodging        | 3 4 5 7 9 10 13 15 16 | 16.2
Spellcasting   | |  1.0
Hexes          | |  2.0

Action                     |  1- 3 |  4- 6 |  7- 9 | 10-12 | 13-15 | 16-18 || total
---------------------------+-------+-------+-------+-------+-------+-------++-------
   Fire: Sling             |   136 |    57 |       |       |       |       ||   193
         Longbow           |       |    30 |   291 |   348 |  1005 |   779 ||  2453
 Invoke: Heroism           |       |       |    10 |    22 |    23 |    24 ||    79
         Finesse           |       |       |       |     1 |     2 |     7 ||    10
    Use: Scroll            |     6 |     2 |     1 |     6 |     6 |     8 ||    29
         Potion            |     5 |     2 |     4 |     3 |     5 |     7 ||    26
 Armour: Robe              |     5 |       |       |       |       |       ||     5
         Ring mail         |    14 |    27 |    42 |    41 |   129 |   125 ||   378
  Dodge: Dodged            |    20 |    41 |    53 |   133 |   349 |   520 ||  1116

Table legend:
 A = Non-vault XP
 B = Vault XP
 C = Vault XP percentage of total XP
 D = Non-vault monster count
 E = Vault monster count
 F = Vault count percentage of total count
                 A         B        C        D         E       F
            +---------+---------+-------+---------+---------+-------
      Total |  153034 |   69639 |  31.3 |     579 |     257 |  30.7
            +---------+---------+-------+---------+---------+-------
        D:1 |      37 |       0 |   0.0 |      18 |       0 |   0.0
        D:2 |      30 |       0 |   0.0 |      15 |       0 |   0.0
        D:3 |      88 |      10 |  10.2 |      22 |       2 |   8.3
        D:4 |     327 |       0 |   0.0 |      13 |       0 |   0.0
        D:5 |     568 |      96 |  14.5 |      17 |       1 |   5.6
        D:6 |     513 |     133 |  20.6 |      13 |       6 |  31.6
        D:7 |     761 |    1023 |  57.3 |       8 |       2 |  20.0
        D:8 |     812 |    2679 |  76.7 |      14 |      15 |  51.7
        D:9 |    1987 |    1550 |  43.8 |      13 |      26 |  66.7
       D:10 |    1176 |    7191 |  85.9 |      10 |      19 |  65.5
       D:11 |    2022 |    1717 |  45.9 |      13 |       8 |  38.1
       D:12 |    7114 |    1423 |  16.7 |      17 |       7 |  29.2
       D:13 |    7073 |    3925 |  35.7 |      26 |      13 |  33.3
       D:14 |    9988 |       0 |   0.0 |      24 |       0 |   0.0
       D:15 |    8201 |    1292 |  13.6 |      17 |       1 |   5.6
     Lair:1 |    8010 |     180 |   2.2 |      22 |       2 |   8.3
     Lair:2 |    7819 |    3603 |  31.5 |      19 |      15 |  44.1
     Lair:3 |    7030 |    6617 |  48.5 |      25 |      12 |  32.4
     Lair:4 |    3657 |       0 |   0.0 |      15 |       0 |   0.0
     Lair:5 |    8230 |   13103 |  61.4 |      31 |      69 |  69.0
    Swamp:1 |   10588 |       0 |   0.0 |      29 |       0 |   0.0
    Swamp:2 |   10213 |       0 |   0.0 |      21 |       0 |   0.0
    Swamp:3 |   13046 |   10841 |  45.4 |      26 |      12 |  31.6
   Spider:1 |   12093 |       0 |   0.0 |      30 |       0 |   0.0
   Spider:2 |   19935 |    2277 |  10.3 |      43 |       1 |   2.3
   Spider:3 |    7537 |    3482 |  31.6 |      20 |       4 |  16.7
      Orc:1 |    2295 |       0 |   0.0 |      38 |       0 |   0.0
      Orc:2 |    1884 |    8171 |  81.3 |      20 |      25 |  55.6
      Sewer |       0 |     147 | 100.0 |       0 |       4 | 100.0
    Ossuary |       0 |     179 | 100.0 |       0 |      13 | 100.0
            +---------+---------+-------+---------+---------+-------
